 Dungeon Crawl Stone Soup version 0.25-a0-310-g60f0ac2d9a (webtiles) character file.

Game seed: 13390060646720982334, levelgen mode: classic

38 Borgoz the Cutter (level 3, 0/22 HPs)
             Began as a Kobold Gladiator on Dec 23, 2019.
             Was an Initiate of Okawaru.
             Succumbed to an adder's poison
             ... on level 2 of the Dungeon.
             The game lasted 00:00:48 (749 turns).

Borgoz the Cutter (Kobold Gladiator)                 Turns: 749, Time: 00:00:49

Health: 0/22       AC:  4    Str: 11 (12) XL:     3   Next: 65%
Magic:  3/3        EV: 15    Int:  8 (9)  God:    Okawaru [......]
Gold:   0          SH:  0    Dex: 13 (16) Spells: 2/2 levels left

rFire    . . .     SeeInvis .   a - +0 rapier
rCold    . . .     Gourm    .   (shield restricted)
rNeg     . . .     Faith    .   b - +0 leather armour
rPois    .         Spirit   .   c - +0 helmet
rElec    .         Reflect  .   (no cloak)
rCorr    .         Harm     .   (no gloves)
MR       .....                  (no boots)
Stlth    +.........             (no amulet)
HPRegen  0.07/turn              (no ring)
MPRegen  0.08/turn              (no ring)

@: lethally poisoned (0 -> -2)
A: small, carnivore
a: Renounce Religion


You were on level 2 of the Dungeon.
You worshipped Okawaru.
Okawaru was noncommittal.
You were full.

You visited 1 branch of the dungeon, and saw 2 of its levels.

Inventory:

Hand Weapons
 a - a +0 rapier (weapon)
Missiles
 d - 3 throwing nets (quivered)
Armour
 b - a +0 leather armour (worn)
 c - a +0 helmet (worn)
Scrolls
 g - 2 scrolls of amnesia {unknown}
 h - 3 scrolls of remove curse {unknown}
Comestibles
 f - a ration


   Skills:
 * Level 2.7 Fighting
 * Level 4.5 Short Blades
 - Level 2.1 Throwing
 * Level 1.0 Armour
 * Level 4.1 Dodging


You had 2 spell levels left.
You didn't know any spells.
Your spell library was empty.

Dungeon Overview and Level Annotations

Branches:
Dungeon (2/15)

Altars:
Okawaru


Innate Abilities, Weirdness & Mutations

You are small and have problems with some larger weapons.
You are carnivorous and can eat meat at any time.


Message History

* * * LOW HITPOINT WARNING * * *
You feel sick.
* * * LOW HITPOINT WARNING * * *
You feel sick.
* * * LOW HITPOINT WARNING * * *
You feel sick.
* * * LOW HITPOINT WARNING * * *
You feel sick.
* * * LOW HITPOINT WARNING * * *
You feel sick.
Found a hand axe and a spear.
Found an iron altar of Okawaru.
Found a mace.
Found a falchion.
* * * LOW HITPOINT WARNING * * *
You feel sick.
There is an iron altar of Okawaru here.
You kneel at the altar of Okawaru.
Okawaru welcomes you!
A worm comes into view.
You die...

#. . ###.#.....#.. #
........##.# #.##..
#...#.# #.....###....#
#w...........#
#.)@).#..###########
#.._..##............
#..#.).).#...#########.
#............# #.
##...###.....# ## ##..
#.....## ##.....####
#######


You could see a worm (sleeping).

Vanquished Creatures
  An adder (D:2)
  An ooze (D:2)
  A dart slug (D:1)
  A giant cockroach (D:2)
  A goblin (D:1)
  2 hobgoblins (D:1)
  5 jackals
  3 bats (D:1)
  2 frilled lizards (D:1)
  2 kobolds (D:1)
  4 rats (D:1)
23 creatures vanquished.

Notes
Turn   | Place    | Note
-------+----------+-------------------------------------------
     0 | D:1      | Borgoz the Kobold Gladiator began the quest for the Orb.
     0 | D:1      | Reached XP level 1. HP: 12/12 MP: 1/1
   152 | D:1      | Reached XP level 2. HP: 18/18 MP: 2/2
   709 | D:2      | Reached XP level 3. HP: 20/22 MP: 3/3
   723 | D:2      | Reached skill level 1 in Armour
   741 | D:2      | Found an iron altar of Okawaru.
   745 | D:2      | HP: 1/22 [poisoned by an adder]
   748 | D:2      | Became a worshipper of Warmaster Okawaru
   749 | D:2      | Succumbed to an adder's poison

Levels and vault maps discovered:
D:1:      evilmike_arrival_home_sweet_home, layout_basic
D:2:      layout_loops_ring, grunt_temple_overflow_open, first_ration,
          okawaru_ov_weapons_minmay, uniq_sigmund

Skill      XL: |  1  2  3 |
---------------+----------+-----
Dodging        | 4 |  4.1
Armour         | 1 |  1.0
Fighting       | |  2.7
Short Blades   | |  4.5
Throwing       | |  2.1

Action                   || total
-------------------------++-------
Melee: Rapier            ||    54
  Use: Potion            ||     1
 Stab: Sleeping          ||     1
  Eat: Chunk             ||     5
Armor: Leather armour    ||    11
Dodge: Dodged            ||    60

Table legend:
 A = Non-vault XP
 B = Vault XP
 C = Vault XP percentage of total XP
 D = Non-vault monster count
 E = Vault monster count
 F = Vault count percentage of total count
                 A         B        C        D         E       F
            +---------+---------+-------+---------+---------+-------
      Total |      55 |       0 |   0.0 |      23 |       0 |   0.0
            +---------+---------+-------+---------+---------+-------
        D:1 |      28 |       0 |   0.0 |      18 |       0 |   0.0
        D:2 |      27 |       0 |   0.0 |       5 |       0 |   0.0
            +---------+---------+-------+---------+---------+-------
